 Dungeon Crawl Stone Soup version 0.31.0-11-ge490571c62 (webtiles) character file.

Game seed: 1652207432965722734

17 qw the Shooter (level 2, 0/16 HPs)
             Began as a Deep Elf Hunter on Feb 4, 2024.
             Succumbed to their own poison gas
             ... on level 2 of the Dungeon.
             The game lasted 00:00:00 (299 turns).

qw the Shooter (Deep Elf Hunter)                     Turns: 299, Time: 00:00:01

Health: 0/16       AC:  4    Str: 14    XL:     2   Next: 44%
Magic:  4/4        EV: 12    Int: 13    God:
Gold:   37         SH:  0    Dex: 18    Spells: 1/1 levels left

rFire   . . .        a - +0 shortbow
rCold   . . .        (shield currently unavailable)
rNeg    . . .        c - +0 leather armour
rPois   .            e - +0 helmet
rElec   .            (no cloak)
rCorr   .            (no gloves)
SInv    .            (no boots)
Will    .....        (no amulet)
Stlth   ++           g - +6 ring of strength
HPRegen 0.22/turn    (no ring)
MPRegen 0.09/turn

%: no passive effects
@: lethally poisoned (0 -> -5)
A: no striking features
a: no special abilities


You were on level 2 of the Dungeon.
You visited 1 branch of the dungeon, and saw 2 of its levels.

You collected 37 gold pieces.


   Skills:
 - Level 1.5 Fighting
 + Level 6.2 Ranged Weapons
 - Level 2.4 Dodging
 - Level 1.2 Stealth


You had one spell level left.
You didn't know any spells.
Your spell library was empty.

Inventory:

Hand Weapons
 a - a +0 shortbow (weapon)
Armour
 c - a +0 leather armour (worn)
 e - a +0 helmet (worn)
Jewellery
 g - a +6 ring of strength (left hand)
Potions
 d - a potion of mutation {unknown}
 h - a potion of curing {unknown}

Dungeon Overview and Level Annotations

Branches:
Dungeon (2/15)

Altars:


Message History

You shoot an arrow. The arrow hits the bat.
You kill the bat!
You see here a ball python corpse.
You now have 20 gold pieces (gained 5).
You now have 28 gold pieces (gained 8).
Found a stone staircase leading down.
You open the door.
There is an open door here.
h - a grey potion A malevolent force fills the Dungeon...
You fall into a shaft and drop 1 floor!
The shaft crumbles and collapses.
Found a stone staircase leading down.
Waypoint 1 assigned to D:2.
There is a stone staircase leading down here.
You now have 37 gold pieces (gained 9).
Found a stone staircase leading up.
287 ||| UPGRADING to +0 helmet.
You start putting on your armour.
You continue putting on your +0 helmet. x4
You finish putting on your +0 helmet.
292 ||| UPGRADING to +6 ring of strength.
You feel stronger.
g - a +6 ring of strength (left hand)
293 ||| READING scroll labelled IGO DUFFAEDD.
The air fills with toxic fumes!
As you read the scroll labelled IGO DUFFAEDD, it crumbles to dust.
It was a scroll of poison.
294 ||| DROPPING scroll of butterflies.
You drop a scroll of butterflies.
What level of the Dungeon? (default 1, ? - help) Sorry, I don't know how to get there.
You are engulfed in poison gas.
You are poisoned.
You feel very sick.
296 ||| Stepping ~*~*~tactically~*~*~ (cloud).
You feel very sick.
You see here a scroll of butterflies.
There is a lethal amount of poison in your body!
You feel sick.
There is a lethal amount of poison in your body!
You feel sick.
There is a lethal amount of poison in your body!
You die...

##.#.#
#######.#.#
#......>#0#
#.#######0#
#.# #¤# #.#
#¤# #.# #¤#
#.# #¤#
#.#######@#
#.##...##¤#
#....#.##¤#
######.###¤
#8...8#¤.
###.####¤#
#8...8# ¤#
###.### 0¤
#8...8# ##


There were no monsters in sight!

Vanquished Creatures
  2 ball pythons (D:1)
  A bat (D:1)
  2 giant cockroaches (D:1)
  3 goblins (D:1)
  A hobgoblin (D:1)
  A quokka (D:1)
  4 frilled lizards (D:1)
  A kobold (D:1)
15 creatures vanquished.

Notes
Turn   | Place    | Note
-------+----------+-------------------------------------------
     0 | D:1      | qw the Deep Elf Hunter began the quest for the Orb.
     0 | D:1      | Reached XP level 1. HP: 12/12 MP: 3/3
     0 | D:1      | 0 ||| qw: Version: 0.3-a-160-g6735b56
     0 | D:1      | 0 ||| qw: Game counter: 5747
     0 | D:1      | 0 ||| qw: Melee chars always use a shield: true
     0 | D:1      | 0 ||| qw: God list: Okawaru
     0 | D:1      | 0 ||| qw: Allow faded altars: false
     0 | D:1      | 0 ||| qw: Do Orc after clearing Dungeon:15 true
     0 | D:1      | 0 ||| qw: Do second Lair branch before Depths: true
     0 | D:1      | 0 ||| qw: Lair rune preference: random
     0 | D:1      | 0 ||| qw: Goals: Normal
     0 | D:1      | 0 ||| PLANNING D:1-11
   153 | D:1      | Reached XP level 2. HP: 16/16 MP: 4/4
   156 | D:1      | Reached skill level 6 in Ranged Weapons
   244 | D:1      | You fall into a shaft and drop 1 floor!
   287 | D:2      | 287 ||| UPGRADING to +0 helmet.
   292 | D:2      | 292 ||| UPGRADING to +6 ring of strength.
   293 | D:2      | 293 ||| READING scroll labelled IGO DUFFAEDD.
   294 | D:2      | 294 ||| DROPPING scroll of butterflies.
   296 | D:2      | 296 ||| Stepping ~*~*~tactically~*~*~ (cloud).
   296 | D:2      | HP: 4/16 [poisoned by you (poison gas)]
   298 | D:2      | HP: 1/16 [poisoned by you (poison gas)]
   299 | D:2      | Succumbed to their own poison gas

Levels and vault maps discovered:
D:1:      dpeg_arrival_pits, layout_basic, serial_corexii_hall,
          corexii_hall_statues_t, corexii_hall_statues_x, minmay_heptomino_l4
D:2:      layout_loops_ring, minmay_misc_feat_hallway, uniq_robin

Skill      XL: |  1  2 |
---------------+-------+-----
Ranged Weapons | 6 |  6.2
Fighting       | |  1.5
Dodging        | |  2.4
Stealth        | |  1.2

Action                     || total
---------------------------++-------
   Fire: Shortbow          ||    36
    Use: Scroll            ||     1
 Armour: Leather armour    ||     5
  Dodge: Dodged            ||    10

Table legend:
 A = Non-vault XP
 B = Vault XP
 C = Vault XP percentage of total XP
 D = Non-vault monster count
 E = Vault monster count
 F = Vault count percentage of total count
                 A         B        C        D         E       F
            +---------+---------+-------+---------+---------+-------
      Total |      19 |       6 |  24.0 |      11 |       4 |  26.7
            +---------+---------+-------+---------+---------+-------
        D:1 |      19 |       6 |  24.0 |      11 |       4 |  26.7
            +---------+---------+-------+---------+---------+-------
